AoeStats
← DRiehl

MegaRandom

506252391Analyzed
2v2 RM · 19d ago on Sep 12, 2026· 35m 54s· 4 players
Game mode
Random Map
Map size
Medium (4 player)
Population
200
Speed
Normal
Resources
Standard
Victory
Conquest
Starting age
Dark Age
Ending age
Imperial Age
RankedLock teamsTeams togetherTeam positionsShared explorationLock speedFull tech treeHidden civsTurbo modeCheats
Victory
Defeat
🇺🇸 Maya · United States
449
+6
🇺🇸 Franks · United States
407
+8
🇸🇪 Franks · Sweden
206
-7
🇸🇪 Mongols · Sweden
205
-7
hemba3d
10:49 Feudal Age
Dan-R-Z
5:59 Loom
12:54 Feudal Age
14:00 Man-at-Arms
37:07 Castle Age
KIDSBURNFACE
1:50 Loom
14:01 Feudal Age
15:24 Wheelbarrow
14:35 Town Watch
14:41 Double-Bit Axe
14:44 Horse Collar
24:21 Castle Age
23:49 Fletching
24:01 Padded Archer Armor
24:12 Forging
24:23 Scale Mail Armor
24:41 Stone Mining
26:00 Bodkin Arrow
27:19 Heavy Plow
28:50 Hand Cart
32:50 Hul'che Javelineers
DRiehl
12:17 Feudal Age
13:53 Double-Bit Axe
21:51 Scale Barding Armor
25:54 Forging
29:18 Castle Age
29:51 Fletching
32:30 Husbandry
33:11 Iron Casting
33:09 Elite Skirmisher
35:41 Bodkin Arrow
Connection lost

Rejoining the realm…

Still unreachable

The connection could not be restored.

Session expired

The server has moved on; the page needs a fresh start.